 Dungeon Crawl Stone Soup version 0.29.1-15-g9cfb28693d (webtiles) character file.

Game seed: 10495861095414130661

72 wawda the Trooper (level 4, 0/40 HPs)
             Began as a Draconian Fighter on Apr 28, 2023.
             Was a Follower of Wu Jian.
             Succumbed to a scorpion's poison
             ... on level 4 of the Dungeon.
             The game lasted 00:05:28 (919 turns).

wawda the Trooper (Draconian Fighter)                Turns: 919, Time: 00:05:28

Health: 0/40       AC:  8    Str: 20    XL:     4   Next: 7%
Magic:  4/4        EV: 12    Int:  8    God:    Wu Jian [*.....]
Gold:   72         SH:  4    Dex: 11    Spells: 3/3 levels left

rFire   . . .      SeeInvis .   a - +1 long sword
rCold   . . .      Faith    .   b - +0 buckler
rNeg    . . .      Spirit   .   (body armour unavailable)
rPois   .          Reflect  .   (helmet restricted)
rElec   .          Harm     .   (no cloak)
rCorr   .          Rampage  .   h - +2 pair of gloves
Will    .....                   (no boots)
Stlth   +.........              (no amulet)
HPRegen 0.13/turn               (no ring)
MPRegen 0.09/turn               (no ring)

@: lethally poisoned (0 -> -6)
A: AC +5, unfitting armour, cold-blooded
a: Renounce Religion


You were on level 4 of the Dungeon.
You worshipped Wu Jian.
Wu Jian was aware of your devotion.
You visited 1 branch of the dungeon, and saw 3 of its levels.

You collected 72 gold pieces.

Inventory:

Hand Weapons
 a - a +1 long sword (weapon)
Missiles
 i - 2 poisoned darts (quivered)
Armour
 b - a +0 buckler (worn)
 h - a +2 pair of gloves (worn)
Potions
 c - a potion of might
 f - a potion of mutation {unknown}
 g - a potion of brilliance {unknown}
 k - a potion of attraction {unknown}
 l - a potion of cancellation {unknown}


   Skills:
 + Level 4.2 Fighting
 + Level 2.5 Long Blades
 + Level 3.3 Dodging
 + Level 3.4 Shields


You had 3 spell levels left.
You didn't know any spells.
Your spell library was empty.

Dungeon Overview and Level Annotations

Branches:
Dungeon (2/15)

Altars:
Wu Jian


Innate Abilities, Weirdness & Mutations

Your plain brown scales are hard. (AC +5)
You cannot fit into any form of body armour.
You are cold-blooded and may be slowed by cold attacks.


Message History

The iguana is severely wounded.
You spin to attack the scorpion, but your attack speed is too slow for a blow to land.
You feel sick. The scorpion stings you. The iguana bites you.
The iguana attacks as you move away! The iguana misses you.
The scorpion attacks as you move away! The scorpion stings you.
You are more poisoned.
The scorpion poisons you!
You feel very sick. The scorpion attacks as you move away!
The scorpion stings you.
* * * LOW HITPOINT WARNING * * *
You are lethally poisoned!
The scorpion poisons you!
* * * LOW HITPOINT WARNING * * *
You feel very sick.
The scorpion stings you but does no damage.
You don't know any spells.
You feel better. The scorpion closely misses you.
The iguana bites you but does no damage.
The scorpion attacks as you move away! The scorpion barely misses you.
The scorpion attacks as you move away!
The scorpion stings you but does no damage.
You block the scorpion's attack. The scorpion attacks as you move away!
You block the scorpion's attack.
You spin and attack the scorpion.
You hit the scorpion.
The scorpion is moderately wounded.
The scorpion stings you.
You are poisoned.
The scorpion poisons you! The scorpion attacks as you move away!
The scorpion stings you but does no damage.
* * * LOW HITPOINT WARNING * * *
You feel very sick. The scorpion attacks as you move away!
You block the scorpion's attack.
* * * LOW HITPOINT WARNING * * *
You feel very sick.
You feel sick.
The scorpion stings you but does no damage.
The scorpion attacks as you move away! The scorpion stings you.
* * * LOW HITPOINT WARNING * * *
You die...

#..........### #.#
#.......[#.# #.#
...........#####.######.
........................
..........######.#######
..........# #l#
.........## #s#
.........# ##.#
.........## #.@#
#####.....# #.##
###.#.#####.#
#.......##..#
#.....#.##.###
#.....#...÷..#
#.......÷)...#
#....#'''#....#
.......##...##...#


You could see a scorpion and an iguana.

Vanquished Creatures
  A hound (D:4)
  An iguana (D:4)
  A dart slug (D:4)
  An orc (D:4)
  An endoplasm (D:2)
  A goblin (D:1)
  4 hobgoblins (D:1)
  2 ball pythons (D:1)
  A bat (D:1)
  A frilled lizard (D:1)
  A kobold (D:1)
  A rat (D:1)
16 creatures vanquished.

Notes
Turn   | Place    | Note
-------+----------+-------------------------------------------
     0 | D:1      | wawda the Draconian Fighter began the quest for the Orb.
     0 | D:1      | Reached XP level 1. HP: 19/19 MP: 1/1
    53 | D:1      | Found a faded altar of an unknown god.
    63 | D:1      | Prayed at the altar of an unknown god.
    63 | D:1      | Became a worshipper of the Wu Jian Council
    63 | D:1      | Reached * piety under Wu Jian
   165 | D:1      | Reached XP level 2. HP: 25/26 MP: 2/2
   591 | D:2      | You fall into a shaft and drop 2 floors!
   636 | D:4      | Reached XP level 3. HP: 12/33 MP: 3/3
   648 | D:4      | Reached skill level 4 in Fighting
   648 | D:4      | Reached XP level 4. HP: 16/40 MP: 4/4
   895 | D:4      | Noticed a scorpion
   919 | D:4      | HP: 2/40 [scorpion (6)]
   919 | D:4      | Succumbed to a scorpion's poison

Illustrated notes

Levels and vault maps discovered:
D:1:      eino_arrival_druids_welcome, layout_basic, basic_ecumenical_altar,
          amethyst_killhole
D:2:      layout_rooms
D:4:      layout_rooms, nicolae_ru_the_path_less_chosen, serial_shops,
          nicolae_diamond_shop, kennysheep_windowed_goal

Skill      XL: |  1  2  3 |
---------------+----------+-----
Dodging        | 3 |  3.3
Fighting       | 4 |  4.2
Long Blades    | |  2.5
Shields        | |  3.4

Action                   |  1- 3 |  4- 6 || total
-------------------------+-------+-------++-------
Melee: Long sword        |    51 |    20 ||    71
       Tailslap          |     7 |     4 ||    11
Invok: Whirlwind         |     3 |    10 ||    13
       Lunge             |     2 |       ||     2
  Use: Scroll            |     4 |       ||     4
       Potion            |       |     1 ||     1
Armor: Skin              |    24 |    13 ||    37
Dodge: Dodged            |    26 |    11 ||    37
Block: Buckler           |     9 |     6 ||    15
